 Dungeon Crawl Stone Soup version 0.28-a0-1084-ga282ea246d (webtiles) character file.

Game seed: 13599155352973758040

56 ChaosChampion the Insei (level 3, -11/23 HPs)
             Began as an Octopode Transmuter on Dec 10, 2021.
             Killed by nerve-wracking pain
             ... invoked by an orc priest
              (14 damage)
             ... on level 2 of the Dungeon.
             The game lasted 00:04:12 (2000 turns).

ChaosChampion the Insei (Octopode Transmuter)       Turns: 2000, Time: 00:04:13

Health: -11/23     AC:  1    Str:  9    XL:     3   Next: 95%
Magic:  5/6        EV: 17    Int: 17    God:
Gold:   62         SH:  0    Dex: 12    Spells: 0/6 levels left

rFire   . . .      SeeInvis .     - Unarmed
rCold   . . .      Faith    .   (no shield)
rNeg    . . .      Spirit   .   (helmet restricted)
rPois   .          Reflect  .   (no amulet)
rElec   .          Harm     .   f - +4 ring of evasion
rCorr   .          Rampage  .   (no ring)
Will    .....                   (no ring)
Stlth   ++........              (no ring)
HPRegen 0.07/turn               (no ring)
MPRegen 0.10/turn               (no ring)
                                (no ring)
                                (no ring)

@: no status effects
A: almost no armour, amphibious, 8 rings, camouflage 1, gelatinous body 1,
(nimble swimmer 1), tentacles
a: no special abilities


You were on level 2 of the Dungeon.
You visited 1 branch of the dungeon, and saw 2 of its levels.

You collected 62 gold pieces.

Inventory:

Jewellery
 f - a +4 ring of evasion (left tentacle)
Scrolls
 a - a scroll of identify {unknown}
 d - a scroll of fog {unknown}
Potions
 b - a potion of lignification {unknown}
 c - a potion of resistance {unknown}
 e - a potion of heal wounds {unknown}


   Skills:
 - Level 1.0 Fighting
 - Level 2.0 Dodging
 * Level 4.7 Unarmed Combat
 - Level 2.0 Spellcasting
 - Level 2.0 Transmutations


You couldn't memorise any spells.
You knew the following spells:

 Your Spells              Type           Power      Damage    Failure   Level
a - Beastly Appendage     Tmut           16%        N/A       9%          1
b - Wereblood             Tmut           8%         N/A       13%         2
c - Spider Form           Tmut/Pois      5%         N/A       36%         3

Your spell library contained the following spells:

 Spells                   Type           Power      Damage    Failure   Level
 Ice Form                 Ice/Tmut       5%         N/A       77%         4
 Airstrike                Air            0%         N/A       88%         4
 Summon Lightning Spire   Summ/Air       1%         N/A       88%         4
 Lightning Bolt           Conj/Air       0%         1d11      99%         5


Dungeon Overview and Level Annotations

Branches:
Dungeon (2/15)

Altars:

Annotations:
D:2 Sigmund


Innate Abilities, Weirdness & Mutations

You cannot wear most types of armour.
You are amphibious.
You can wear up to eight rings at the same time.
Your skin changes colour to match your surroundings (Stealth+).
Your rubbery body absorbs attacks. (AC +1, EV +1)
((You are camouflaged near water. (Stealth+)))
You have tentacles for arms and can constrict up to eight enemies at once.


Message History

Your tentacle spike misses the quokka.
The quokka is lightly wounded.
The quokka completely misses you.
You tentacle-slap the quokka but do no damage.
Your grab misses the quokka.
The quokka is lightly wounded.
The quokka bites you. The quokka closely misses you.
You closely miss the quokka. Your grab misses the quokka.
The quokka barely misses you.
You tentacle-slap the quokka but do no damage.
Your grab misses the quokka. You squeeze the quokka.
The quokka is heavily wounded.
The quokka closely misses you.
You tentacle-slap the quokka.
You kill the quokka!
An orc comes into view. It is wielding a +0 dagger.
An orc priest comes into view. It is wielding a +0 club.
Your tentacle spike disappears.
The orc hits you with a +0 dagger.
An orc comes into view. It is wielding a +0 dagger.
The orc shouts!
You tentacle-slap the orc. Your grab misses the orc.
The orc is moderately wounded.
The orc hits you with a +0 dagger.
The orc priest calls upon Beogh to heal the orc.
The orc's wounds heal themselves!
You tentacle-slap the orc. You grab the orc.
The orc is lightly wounded.
You constrict the orc. The orc hits you with a +0 dagger.
You barely miss the orc. You squeeze the orc.
You kill the orc!
Found an escape hatch in the floor.
Found a stone staircase leading down.
The orc priest calls down the wrath of Beogh upon you.
Beogh smites you!
* * * LOW HITPOINT WARNING * * *
You see here a dart slug corpse.
The orc priest calls down the wrath of Beogh upon you.
Pain shoots through your body!
Ouch! That really hurt!
You die...

.....................
............J...#....>##
.....................>..
..........$.............
#...........o...........
#...........o..........
.............)......####
..............o........#
##..........?.†.@......#
#.......................
..#.....††.......##..............
####.....#.......# ..#..........
# #####.#..###...# .#..........
#.#.......... #..........
#.#.##....##.. .......... ....#
#...# .. #........# ...## ####
##........#


You could see an orc priest, 2 orcs and an endoplasm.

Vanquished Creatures
  An adder (D:1)
  A worm (D:1)
  A dart slug (D:2)
  An orc (D:2)
  3 bats
  2 endoplasms
  3 giant cockroaches
  2 goblins
  4 hobgoblins
  2 jackals (D:1)
  2 quokkas (D:2)
  6 ball pythons
  3 frilled lizards (D:1)
  6 kobolds (D:1)
  A rat (D:1)
38 creatures vanquished.

Vanquished Creatures (others)
  8 plants (D:1)
8 creatures vanquished.

Grand Total: 46 creatures vanquished

Notes
Turn   | Place    | Note
-------+----------+-------------------------------------------
     0 | D:1      | ChaosChampion the Octopode Transmuter began the quest for
                  | the Orb.
     0 | D:1      | Reached XP level 1. HP: 13/13 MP: 3/3
     1 | D:1      | Noticed an electric eel
   358 | D:1      | Reached XP level 2. HP: 15/18 MP: 3/5
   788 | D:1      | Reached skill level 4 in Unarmed Combat
   875 | D:1      | Reached XP level 3. HP: 6/23 MP: 4/6
   880 | D:1      | Learned a level 2 spell: Wereblood
   884 | D:1      | Learned a level 3 spell: Spider Form
  1296 | D:2      | Noticed Sigmund
  2000 | D:2      | Killed from afar by an orc priest

Illustrated notes

Levels and vault maps discovered:
D:1:      arrival_aquarium_a, layout_basic, serial_bayou_lake_a
D:2:      layout_rooms, uniq_sigmund

Skill      XL: |  1  2 |
---------------+-------+-----
Unarmed Combat | 4 |  4.7
Fighting       | |  1.0
Dodging        | |  2.0
Spellcasting   | |  2.0
Transmutations | |  2.0

Action                   || total
-------------------------++-------
Melee: Unarmed           ||   110
       Constrict         ||    31
       Kick              ||    12
       Tentacles         ||    16
       Punch             ||     1
 Cast: Beastly Appendage ||    17
       Wereblood         ||     3
 Stab: Sleeping          ||     4
       Distracted        ||     1
Armor: Skin              ||     7
Dodge: Dodged            ||    73

Table legend: (Time is in decaauts)
 A = Elapsed time spent in this place.
 B = Non-inter-level travel time spent in this place.
 C = Inter-level travel time spent in this place.
 D = Time resting spent in this place.
 E = Time spent auto-exploring this place.
 F = Levels seen in this place.
 G = Mean time per level.
                   A        B        C        D        E       F      G
               +--------+--------+--------+--------+--------+-----+--------+
         Total |   1995 |   1969 |     26 |    645 |    786 |   2 |  997.5 |
       Dungeon |   1995 |   1969 |     26 |    645 |    786 |   2 |  997.5 |
               +--------+--------+--------+--------+--------+-----+--------+

Top non-repeatable levels by time:
     D:1: 1857 daAuts
     D:2: 137 daAuts
